 Dungeon Crawl Stone Soup version 0.23-a0-183-gf37f6fb (webtiles) character file.

231 Felrender the Skirmisher (level 6, -2/53 HPs)
             Began as a Hill Orc Fighter on Sept 21, 2018.
             Killed by divine providence
             ... invoked by an orc priest
              (11 damage)
             ... on level 3 of the Dungeon.
             The game lasted 00:07:19 (2376 turns).

Felrender the Skirmisher (Hill Orc Fighter)         Turns: 2376, Time: 00:07:20

Health: -2/53      AC: 10    Str: 20    XL:     6   Next: 3%
Magic:  6/6        EV:  8    Int:  8    God:
Gold:   76         SH:  9    Dex: 11    Spells: 5/5 levels left

rFire    . . .     SeeInvis .   a - +0 long sword
rCold    . . .     Gourm    .   c - +0 shield
rNeg     . . .     Faith    .   b - +0 scale mail
rPois    +         Spirit   .   (no helmet)
rElec    .         Reflect  .   l - +2 cloak {rPois}
rCorr    .         Harm     .   (no gloves)
MR       .....                  (no boots)
Stlth    ..........             (no amulet)
HPRegen  0.17/turn              (no ring)
MPRegen  0.10/turn              (no ring)

@: no status effects
A: no striking features
a: Convert to Beogh


You were on level 3 of the Dungeon.
You were not hungry.

You visited 1 branch of the dungeon, and saw 3 of its levels.

You collected 76 gold pieces.

Inventory:

Hand Weapons
 a - a +0 long sword (weapon)
 i - a +1 mace of crushing
 k - a +3 quarterstaff of chaos
Armour
 b - a +0 scale mail (worn)
 c - a +0 shield (worn)
 l - a +2 cloak of poison resistance (worn)
Wands
 e - a wand of flame (20)
 m - a wand of random effects (11)
Scrolls
 n - a scroll of remove curse {unknown}
Potions
 d - a potion of ambrosia
 h - a potion of might
 j - a potion of degeneration {unknown}
Comestibles
 f - 8 rations
 g - 2 chunks of flesh


   Skills:
 + Level 4.6 Fighting
 + Level 3.9 Long Blades
 + Level 4.5 Armour
 + Level 1.1 Dodging
 + Level 0.2 Stealth
 + Level 4.3 Shields


You had 5 spell levels left.
You didn't know any spells.
Your spell library was empty.

Dungeon Overview and Level Annotations

Branches:
Dungeon (3/15)

Altars:
Qazlal


Message History

The orc priest calls down the wrath of Beogh upon you.
Beogh smites you!
You closely miss the orc.
The orc is heavily wounded.
The orc wizard mumbles some strange words.
The orc wizard blinks!
You block the orc's attack.
The orc priest casts a cantrip, but nothing happens.
You block the orc's attack.
The orc priest shouts, "Surrender to Beogh and we'll let you live!"
You slash the orc!
You kill the orc!
The rat twitches its whiskers.
The orc priest invokes the aid of Beogh against you.
Pain shoots through your body!
* * * LOW HITPOINT WARNING * * *
You block the worm's attack.
You closely miss the orc priest.
The orc priest calls down the wrath of Beogh upon you.
Beogh smites you!
You die...

........#( . ..
.........## .#.#
..........# .#.###
.....%ยง..[# # .#..<
..#.....r.#.## ....##
.......o..#..## .....
..........o/.#..#
...#...## #...ooow..#
......... #.....@.#.#
.##...... #......## .#
...). #.#...#### .# ....
#.#......# .# ....
#>..#.##..# . .# ....
###....##..[. ..........
#............
#.........##...####....?
##...........####..##..


You could see a worm, an orc priest, an orc wizard, 3 orcs and a rat.

Vanquished Creatures
  Crazy Yiuf (D:2)
  Jessica (D:2)
  Natasha (thrice) (D:2)
  2 adders (D:2)
  4 gnolls (D:2)
  2 oozes (D:1)
  2 leopard geckos
  2 orcs (D:3)
  A bat (D:1)
  2 giant cockroaches
  4 hobgoblins
  3 frilled lizards
  2 goblins (D:1)
  5 kobolds
  6 rats
  2 fungi (D:2)
42 creatures vanquished.

Notes
Turn   | Place    | Note
-------+----------+-------------------------------------------
     0 | D:1      | Felrender the Hill Orc Fighter began the quest for the Orb.
     0 | D:1      | Reached XP level 1. HP: 19/19 MP: 1/1
    45 | D:1      | Reached XP level 2. HP: 27/27 MP: 2/2
   597 | D:1      | Reached XP level 3. HP: 33/33 MP: 3/3
   849 | D:2      | Noticed Natasha
   853 | D:2      | Killed Natasha
   853 | D:2      | Reached XP level 4. HP: 32/40 MP: 4/4
   859 | D:2      | Noticed Jessica
   878 | D:2      | Killed Jessica
  1084 | D:2      | Reached XP level 5. HP: 26/47 MP: 5/5
  1091 | D:2      | Noticed Natasha
  1107 | D:2      | Killed Natasha
  1124 | D:2      | Noticed Natasha
  1178 | D:2      | Killed Natasha
  1178 | D:2      | Reached skill level 1 in Dodging
  1916 | D:2      | Found a stormy altar of Qazlal.
  2000 | D:2      | Found a runed door.
  2004 | D:2      | Noticed Crazy Yiuf
  2198 | D:2      | Killed Crazy Yiuf
  2297 | D:3      | Reached XP level 6. HP: 52/53 MP: 6/6
  2376 | D:3      | Killed from afar by an orc priest

Vault maps used:
D:1:      erik_arrival_gehennom
D:2:      nicolae_qazlal_eye_of_the_storm, uniq_crazy_yiuf_cottage,
          uniq_jessica, uniq_natasha
D:3:      nicolae_overflow_hidden_temple, first_ration

Skill      XL: |  1  2  3  4  5 |
---------------+----------------+-----
Fighting       | 4 |  4.6
Armour         | 4 |  4.5
Long Blades    | 3 |  3.9
Shields        | 4 |  4.3
Dodging        | 1 |  1.1
Stealth        | |  0.2

Action                   |  1- 3 |  4- 6 || total
-------------------------+-------+-------++-------
Melee: Long sword        |    63 |   123 ||   186
  Use: Potion            |       |     4 ||     4
       Scroll            |       |     1 ||     1
  Eat: Chunk             |       |     2 ||     2
       Ration            |       |     1 ||     1
Armor: Scale mail        |    27 |    24 ||    51
Dodge: Dodged            |    18 |    23 ||    41
Block: Shield            |    23 |    43 ||    66
       Rpst.: Long sword |     6 |     5 ||    11

Table legend:
 A = Non-vault XP
 B = Vault XP
 C = Vault XP percentage of total XP
 D = Non-vault monster count
 E = Vault monster count
 F = Vault count percentage of total count
                 A         B        C        D         E       F
            +---------+---------+-------+---------+---------+-------
      Total |     196 |     134 |  40.6 |      32 |       8 |  20.0
            +---------+---------+-------+---------+---------+-------
        D:1 |      18 |      17 |  48.6 |      10 |       5 |  33.3
        D:2 |     162 |     117 |  41.9 |      15 |       3 |  16.7
        D:3 |      16 |       0 |   0.0 |       7 |       0 |   0.0
            +---------+---------+-------+---------+---------+-------
